 Dungeon Crawl Stone Soup version 0.30-a0-937-ga0a21ad780 (webtiles) character file.

Game seed: 6920764880457728495

1214 mistaj the Shield-Bearer (level 8, -5/44 HPs)
             Began as a Vine Stalker Fighter on Mar 24, 2023.
             Was a Priest of Makhleb.
             Engulfed by a steam dragon's steam (11 damage)
             ... on level 6 of the Dungeon.
             The game lasted 00:08:21 (4883 turns).

mistaj the Shield-Bearer (Vine Stalker Fighter)     Turns: 4883, Time: 00:08:22

Health: -5/44      AC:  9    Str: 22    XL:     8   Next: 46%
Magic:  0/9        EV: 10    Int: 11    God:    Makhleb [***...]
Gold:   391        SH:  6    Dex: 17    Spells: 7/7 levels left

rFire   . . .      SeeInvis .    a - +0 war axe
rCold   + . .      Faith    .    c - +0 buckler
rNeg    . . .      Spirit   +    m - +0 ring mail of the Archfiend {rC+}
rPois   .          Reflect  .    o - +2 helmet
rElec   .          Rampage  .    i - +0 cloak
rCorr   .                        (no gloves)
Will    ++...                    (no boots)
Stlth   +                        (no amulet)
HPRegen 1.07/turn                u - ring "Monietit" {Will+ Int+3 Dex+4}
MPRegen 0.11/turn                (no ring)

@: no status effects
A: fangs 3, regeneration 1, magic shield, antimagic bite, no potion heal 2
a: Renounce Religion, Minor Destruction, Lesser Servant of Makhleb


You were on level 6 of the Dungeon.
You worshipped Makhleb.
Makhleb was most pleased with you.
You visited 1 branch of the dungeon, and saw 6 of its levels.
You also visited: Sewer.

You collected 391 gold pieces.

Inventory:

Hand Weapons
 a - a +0 war axe (weapon)
Missiles
 k - 3 silver javelins (quivered)
Armour
 c - a +0 buckler (worn)
 i - a +0 cloak (worn)
 m - the +0 ring mail of the Archfiend (worn) {rC+}
   (You found it on level 4 of the Dungeon)

   rC:        It protects you from cold.
 o - a +2 helmet (worn)
Jewellery
 u - the ring "Monietit" (left hand) {Will+ Int+3 Dex+4}
   (You found it on level 4 of the Dungeon)

   [ring of willpower]

   Int:       It affects your intelligence (+3).
   Dex:       It affects your dexterity (+4).
   Will:      It increases your willpower.
Wands
 j - a wand of flame (17)
 v - a wand of paralysis (10)
Scrolls
 b - 3 scrolls of teleportation
 h - a scroll of poison {unknown}
 n - a scroll of amnesia
 q - a scroll of enchant armour {unknown}
 r - a scroll of fear
 w - a scroll of brand weapon {unknown}
Potions
 d - 2 potions of might
 e - 5 potions of curing
 f - a potion of lignification
 g - a potion of ambrosia
 l - a potion of heal wounds
 p - 7 potions of flight
 s - 2 potions of brilliance
 x - a potion of berserk rage {unknown}


   Skills:
 + Level 5.8 Fighting
 + Level 5.4 Axes
 - Level 2.4 Armour
 + Level 5.8 Shields


You had 7 spell levels left.
You didn't know any spells.
Your spell library contained the following spells:

 Spells                   Type           Power      Damage    Failure   Level
 Cigotuvi's Dreadful Rot  Necr/Pois/Air  0%         N/A       73%         2
 Poisonous Vapours        Pois/Air       0%         N/A       73%         2
 Scorch                   Fire           0%         2d5       73%         2
 Dazzling Flash           Conj/Hex       0%         N/A       91%         3
 Mephitic Cloud           Conj/Pois/Air  0%         N/A       91%         3
 Ozocubu's Armour         Ice            0%         N/A       91%         3
 Tukima's Dance           Hex            0%         N/A       91%         3
 Flame Wave               Conj/Fire      0%         2d4       100%        4
 Iskenderun's Mystic Bla  Conj/Tloc      0%         2d3       100%        4
 Passage of Golubria      Tloc           0%         N/A       100%        4
 Metabolic Englaciation   Hex/Ice        0%         N/A       100%        5
 Yara's Violent Unravell  Hex/Tmut       0%         3d3       100%        5
 Simulacrum               Ice/Necr       0%         N/A       100%        6
 Starburst                Conj/Fire      0%         6d3       100%        6
 Summon Cactus Giant      Summ           0%         N/A       100%        6


Dungeon Overview and Level Annotations

Branches:
Dungeon (6/15)              Sewer (visited)
 Temple: D:4-7

Altars:
Makhleb
Qazlal
Vehumet

Shops:
D:5 ?

Annotations:
D:6 Eustachio, Sigmund


Innate Abilities, Weirdness & Mutations

You have razor-sharp teeth.
Your natural rate of healing is unusually fast.
When hurt, damage is shared between your health and your magic reserves.
Your bite disrupts and absorbs the magic of your enemies.
Potions cannot restore your health.


Message History

You barely miss Eustachio.
Eustachio is heavily wounded.
You block Eustachio's attack.
Eustachio falters for a moment.
Sigmund hits you from afar with a +1 scythe of protection.
You miss Eustachio. You bite Eustachio.
Eustachio's magic leaks into the air.
You drain his magic.
You feel invigorated.
Eustachio is heavily wounded.
Eustachio closely misses you. Eustachio hits you but does no damage.
You block Sigmund's attack.
You hit Eustachio. You bite Eustachio.
Eustachio's magic leaks into the air.
You drain his magic.
Eustachio is almost dead.
You hit the steam dragon but do no damage.
Eustachio falters for a moment.
Eustachio barely misses you. Sigmund closely misses you.
The steam dragon breathes steam at you. The ball of steam hits you!!
* * * LOW HITPOINT WARNING * * *
You are too injured to fight recklessly!
Unknown command.
You are too injured to fight recklessly!
Unknown command.
You are too injured to fight recklessly!
Unknown command.
You are too injured to fight recklessly!
Unknown command.
You are too injured to fight recklessly!
You closely miss Eustachio. Your bite misses Eustachio.
Eustachio is almost dead.
You hit the steam dragon but do no damage.
You are engulfed in a cloud of scalding steam.
* * * LOW HITPOINT WARNING * * *
You block Eustachio's attack. The steam dragon barely misses you.
You block the steam dragon's attack.
Eustachio falters for a moment.
You block Sigmund's attack.
You closely miss Eustachio.
Eustachio is almost dead.
You barely miss the steam dragon.
You are engulfed in a cloud of scalding steam.
You die...

******^,,,,,,* *,******** **
#,,..#*,#***,*,,,,,,, ,******
*.,...,.,,,,,,,,,,**, ,,,,,,*
*.##.##.***,*****,,,, *****,****
*,.....>* *,* *,,,, *,,,,,,,*
**#...#** *,* *,##. *,**,**,*
#.@.# *,* *..., *,**,**,* #.D.#
*,#####.#*, *,**,**,* #@@.#
*,,.....,,, **,**,**,* #.§.#
***...#**** ,,,,,,,,,* #§§§#
#####.######
,*,,,,,,,**####§.§####....[.....#
,*,,,,,,,,.....§.........#..##.##
,,,,,,,,,,....>...#......#..##..#
,**,,,,,,.........#†~~...#......+
,**,*,,**######...#~~~~..#..###.#
,,,,,,,* #...#~~~~~.#......#


You could see Eustachio (fast, magic disrupted), a steam dragon and Sigmund.

Vanquished Creatures
  2 ogres
  2 phantoms
  Blork the orc (D:6)
  4 hounds
  A gnoll bouda (D:4)
  A jelly (D:4)
  An orc priest (D:5)
  2 sleepcaps
  2 iguanas (D:5)
  3 orc wizards
  Robin (D:3)
  11 gnolls
  16 adders
  4 river rats (Sewer)
  A dart slug (D:1)
  2 worms
  17 orcs
  12 ball pythons
  7 endoplasms
  4 giant cockroaches
  14 goblins
  6 hobgoblins
  7 jackals
  6 kobolds
  5 quokkas
  17 bats
  5 frilled lizards
  8 rats
162 creatures vanquished.

Notes
Turn   | Place    | Note
-------+----------+-------------------------------------------
     0 | D:1      | mistaj the Vine Stalker Fighter began the quest for the
                  | Orb.
     0 | D:1      | Reached XP level 1. HP: 11/11 MP: 2/2
   138 | D:1      | Reached XP level 2. HP: 8/16 MP: 1/3
   487 | D:1      | Reached XP level 3. HP: 20/20 MP: 4/4
  1016 | D:2      | Found a faded altar of an unknown god.
  1563 | D:3      | Noticed Robin
  1580 | D:2      | Gained mutation: Your natural rate of healing is unusually
                  | fast. [Vine Stalker growth]
  1580 | D:2      | Reached XP level 4. HP: 13/24 MP: 2/5
  1625 | D:3      | Killed Robin
  1776 | D:3      | Found a burning altar of Makhleb.
  1781 | D:3      | Became a worshipper of Makhleb the Destroyer
  1872 | D:2      | Reached XP level 5. HP: 28/28 MP: 6/6
  2330 | D:4      | Reached * piety under Makhleb
  2331 | D:4      | Reached XP level 6. HP: 33/33 MP: 7/7
  2445 | D:4      | Identified the +0 ring mail of the Archfiend {rC+}
  2563 | D:4      | Identified the +1 robe of the Clam {rElec Str+3}
  2629 | D:4      | Reached XP level 7. HP: 38/38 MP: 8/8
  2755 | D:4      | Identified the ring "Monietit" {Will+ Int+3 Dex+4}
  2882 | D:4      | Found a radiant altar of Vehumet.
  3079 | D:5      | Entered Level 5 of the Dungeon
  3125 | D:5      | Found Zuogeun's Magic Scroll Shop.
  3419 | D:5      | Reached skill level 5 in Fighting
  3419 | D:5      | Reached skill level 5 in Shields
  3452 | D:5      | Found a stormy altar of Qazlal.
  3453 | D:5      | Noticed a water elemental
  3463 | D:5      | Noticed an air elemental
  3477 | D:5      | Reached ** piety under Makhleb
  3531 | D:5      | Gained mutation: You have razor-sharp teeth. [Vine Stalker
                  | growth]
  3531 | D:5      | Reached XP level 8. HP: 40/44 MP: 7/9
  3614 | D:5      | Reached skill level 5 in Axes
  4213 | D:6      | Noticed Blork the orc
  4255 | D:6      | Noticed Eustachio
  4255 | D:6      | Noticed Sigmund
  4286 | D:6      | Killed Blork the orc
  4315 | D:6      | Found a glowing drain.
  4324 | Sewer    | Entered a sewer
  4653 | Sewer    | Reached *** piety under Makhleb
  4883 | D:6      | Engulfed by a steam dragon's steam

Illustrated notes

Levels and vault maps discovered:
D:1:      dpeg_arrival_another_circle, layout_basic
D:2:      layout_loops_cross, hellmonk_ecumenical_altar_run_dry
D:3:      layout_basic, mainiacjoe_overflow_24_doors, uniq_robin
D:4:      layout_basic, nicolae_vehumet_altar_sigil, minmay_diced_spiral
D:5:      layout_layer_cave, nicolae_qazlal_style_of_elements, serial_shops,
          nicolae_take_the_stairs
D:6:      layout_loops_cross, okawaru_altar_gauntlet_db, portal_sewer_entry_b,
          grunt_ministairs_15, uniq_eustachio, uniq_blork_the_orc, uniq_sigmund

Skill      XL: |  1  2  3  4  5  6  7  8 |
---------------+-------------------------+-----
Axes           | 2 3 4 5 |  5.4
Fighting       | 3 4 5 |  5.8
Shields        | 3 4 5 |  5.8
Armour         | |  2.4

Action                     |  1- 3 |  4- 6 |  7- 9 || total
---------------------------+-------+-------+-------++-------
  Melee: War axe           |    98 |   150 |   208 ||   456
         Bite              |    20 |    41 |    47 ||   108
    Use: Scroll            |       |     4 |     9 ||    13
 Armour: Scale mail        |    37 |       |       ||    37
         Chain mail        |    23 |    77 |       ||   100
         Ring mail         |       |     9 |   105 ||   114
  Dodge: Dodged            |    58 |    59 |   114 ||   231
  Block: Buckler           |    23 |    43 |    69 ||   135

Table legend: (Time is in decaauts)
 A = Elapsed time spent in this place.
 B = Non-inter-level travel time spent in this place.
 C = Inter-level travel time spent in this place.
 D = Time resting spent in this place.
 E = Time spent auto-exploring this place.
 F = Levels seen in this place.
 G = Mean time per level.
                   A        B        C        D        E       F      G
               +--------+--------+--------+--------+--------+-----+--------+
         Total |   5202 |   4975 |    227 |    397 |   3128 |   7 |  743.1 |
       Dungeon |   4495 |   4268 |    227 |    394 |   2680 |   6 |  749.2 |
         Sewer |    707 |    707 |      0 |      3 |    447 |   1 |  707.0 |
               +--------+--------+--------+--------+--------+-----+--------+

Top non-repeatable levels by time:
     D:5: 1207 daAuts
     D:2: 979 daAuts
     D:4: 848 daAuts
     D:1: 747 daAuts
   Sewer: 707 daAuts
     D:3: 612 daAuts
     D:6: 100 daAuts
